 Dungeon Crawl Stone Soup version 0.23.1 (console) character file.

Game seed: 174183408890491662

3236 fly the Arsonist (level 9, 0/74 HPs)
             Began as an Ogre Fire Elementalist on Mar 14, 2019.
             Was a Follower of Uskayaw.
             Slain by a wight
             ... wielding a +0 halberd
              (10 damage)
             ... on level 7 of the Dungeon.
             The game lasted 00:21:34 (7395 turns).

fly the Arsonist (Ogre Fire Elementalist)           Turns: 7395, Time: 00:21:34

Health: 0/74       AC:  3    Str: 14    XL:     9   Next: 98%
Magic:  12/18      EV: 14    Int: 16    God:    Uskayaw [*.....]
Gold:   209        SH:  0    Dex: 12    Spells: 7/20 levels left

rFire    + . .     SeeInvis .   a - +5 falchion of Tenacity {elec, MR+}
rCold    x . .     Gourm    .   (no shield)
rNeg     . . .     Faith    .   y - +0 robe
rPois    .         Spirit   .   (helmet restricted)
rElec    .         Reflect  .   (no cloak)
rCorr    .         Harm     .   (gloves unavailable)
MR       +....                  (boots unavailable)
Stlth    ++........             r - amulet of rage
HPRegen  0.22/turn              e - +3 ring of evasion
MPRegen  0.16/turn              j - ring of fire

@: no status effects
A: large, unfitting armour, tough skin 1
a: Stomp, Renounce Religion, Evoke Berserk Rage


You were on level 7 of the Dungeon.
You worshipped Uskayaw.
Uskayaw was noncommittal.
You were not hungry.

You visited 1 branch of the dungeon, and saw 7 of its levels.

You collected 369 gold pieces.
You spent 160 gold pieces at shops.

Inventory:

Hand Weapons
 a - the +5 falchion of Tenacity (weapon) {elec, MR+}
   (You bought it in a shop on level 4 of the Dungeon)

   Occasionally, upon striking a foe, it will discharge some electrical energy
   and cause terrible harm.
   It affects your resistance to hostile enchantments.
 b - the +7 Singing Sword {slice, sonic wave}
   (You found it on level 6 of the Dungeon)

   It inflicts extra damage upon your enemies.
 E - a +2 scythe of venom
Armour
 y - a +0 robe (worn)
Magical Staves
 A - an uncursed staff of summoning
Jewellery
 e - a +3 ring of evasion (left hand)
 i - an uncursed amulet of regeneration
 j - a ring of fire (right hand)
 r - an amulet of rage (around neck)
 F - an uncursed ring of fire
Wands
 s - a wand of clouds (11)
 C - a wand of digging (4)
 D - a wand of flame (41)
Scrolls
 d - a scroll of magic mapping
 f - a scroll of enchant weapon
 h - 5 scrolls of remove curse
 n - a scroll of identify
 o - 2 scrolls of enchant armour
 u - 2 scrolls of blinking
 v - a scroll of fear
 w - a scroll of amnesia
 z - 2 scrolls of immolation {unknown}
Potions
 g - a potion of lignification
 k - a potion of might
 l - 4 potions of flight
 m - a potion of heal wounds
 p - 3 potions of brilliance
 q - 4 potions of magic
 t - a potion of agility
 x - a potion of curing
Comestibles
 c - 7 rations


   Skills:
 - Level 3.0 Dodging
 - Level 1.4 Stealth
 - Level 6.0 Spellcasting
 - Level 8.2 Conjurations
 - Level 8.2 Fire Magic
 + Level 1.0 Evocations


You had 7 spell levels left.
You knew the following spells:

 Your Spells              Type           Power        Failure   Level  Hunger
c - Conjure Flame         Conj/Fire      #####...     1%          3    ##.....
f - Confusing Touch       Hex            #.....       14%         1    None
n - Inner Flame           Hex/Fire       ####....     8%          3    ##.....
t - Fireball              Conj/Fire      #####.....   13%         5    ######.
z - Flame Tongue          Conj/Fire      #####        1%          1    None

Your spell library contained the following spells:

 Spells                   Type           Power        Failure   Level  Hunger
 Throw Flame              Conj/Fire      #####.       1%          2    #......
 Sticky Flame             Conj/Fire      #####...     4%          4    ####...
 Animate Skeleton         Necr           N/A          14%         1    None
 Apportation              Tloc           #.....       14%         1    None
 Beastly Appendage        Tmut           #.....       14%         1    None
 Summon Small Mammal      Summ           #...         14%         1    None
 Sticks to Snakes         Tmut           #.......     21%         2    #......
 Spider Form              Tmut/Pois      #.........   38%         3    ##.....
 Ice Form                 Ice/Tmut       #.......     80%         4    ####...
 Blade Hands              Tmut           #.........   98%         5    ######.


Dungeon Overview and Level Annotations

Branches:
Dungeon (7/15)
 Temple: D:4-7

Altars:
Cheibriados
Elyvilon
Gozag
Nemelex Xobeh
Uskayaw
Wu Jian
Zin
The Shining One

Shops:
D:4 (   D:7 }


Innate Abilities, Weirdness & Mutations

You are too large for most types of armour.
You have tough skin. (AC +1)


Message History

You feel sick.
The centaur shoots an arrow.
The arrow hits you!
* * * LOW HITPOINT WARNING * * *
You see here an arrow.
The centaur shoots an arrow.
The arrow hits you.
* * * LOW HITPOINT WARNING * * *
You see here an arrow.
The centaur shoots an arrow.
The arrow barely misses you.
You feel sick.
You are no longer poisoned.
The centaur shoots an arrow.
The arrow hits you.
* * * LOW HITPOINT WARNING * * *
You hear a howl!
You see here an arrow.
You can no longer pass through a line of other dancers.
A howler monkey comes into view.
The howler monkey howls!
The centaur shoots an arrow.
The arrow misses you.
You see here an arrow.
The wight hits you from afar with a +0 halberd!
You die...

#..#().##.. #. ..#z∩.##.#
.#.##c#.z..#.#
..h...#O#(%#.#### #c
#...##......+ #.
##z#####.#### #. #.##.##.#
#..#.###z.#.##.###### #
#..#.(@..............#
####.#..######(#.##.##.##..
.#....#.. #...##.##...
......... ##.........#..
#....#.########..##.###. .
.#...................#
........)........÷...#
......#))†<....##)#..#
..... #........##........


You could see a wight.

Vanquished Creatures
  Prince Ribbit (D:6)
  Grinder (D:6)
  Sigmund (D:5)
  Eustachio (D:6)
  Menkaure (D:6)
  An ice beast (D:6)
  Duvessa (D:5)
  A necrophage (D:4)
  A phantom (D:5)
  4 ogres
  2 centaurs (D:6)
  A bullfrog (D:6)
  Dowan (D:5)
  5 scorpions
  A killer bee (D:4)
  A wight (D:7)
  A howler monkey (D:5)
  3 crimson imps
  4 hounds
  10 orc wizards
  3 orc priests
  2 iguanas
  7 worker ants
  A mummy (D:6)
  3 gnolls
  A howler monkey skeleton (D:6)
  9 adders
  A shadow imp (D:7)
  2 oozes (D:3)
  2 adder skeletons
  An adder zombie (D:5)
  4 worms
  3 dart slugs
  6 leopard geckos
  20 orcs
  3 giant cockroaches
  9 hobgoblins
  9 jackals
  2 quokkas
  3 ball pythons
  14 bats
  6 frilled lizards
  8 goblins
  A hobgoblin zombie (D:6)
  2 kobolds
  A quokka skeleton (D:5)
  8 rats
173 creatures vanquished.

Vanquished Creatures (others)
  3 fungi (D:6)
3 creatures vanquished.

Grand Total: 176 creatures vanquished

Notes
Turn   | Place    | Note
-------+----------+-------------------------------------------
     0 | D:1      | fly the Ogre Fire Elementalist began the quest for the Orb.
     0 | D:1      | Reached XP level 1. HP: 16/16 MP: 3/3
   114 | D:1      | Reached skill level 1 in Conjurations
   125 | D:1      | Reached XP level 2. HP: 18/24 MP: 0/5
   795 | D:2      | Reached XP level 3. HP: 31/31 MP: 0/7
  1187 | D:2      | Found a sparkling altar of Nemelex Xobeh.
  1334 | D:2      | Found a hide-covered altar of Uskayaw.
  1343 | D:2      | Became a worshipper of Uskayaw the Reveler
  1573 | D:3      | Reached * piety under Uskayaw
  1629 | D:3      | Found a white marble altar of Elyvilon.
  1645 | D:3      | Reached XP level 4. HP: 39/39 MP: 6/8
  1667 | D:3      | Reached ** piety under Uskayaw
  1808 | D:3      | Reached *** piety under Uskayaw
  1960 | D:3      | Reached XP level 5. HP: 45/45 MP: 3/9
  2225 | D:3      | Learned a level 5 spell: Fireball
  2229 | D:3      | Learned a level 3 spell: Conjure Flame
  2428 | D:3      | Found a glowing golden altar of the Shining One.
  2658 | D:4      | Noticed a necrophage
  2668 | D:4      | Killed a necrophage
  2668 | D:4      | Reached XP level 6. HP: 53/53 MP: 0/13
  2903 | D:4      | HP: 2/53 [poisoned by an adder]
  2916 | D:4      | Reached skill level 5 in Spellcasting
  3274 | D:4      | Reached XP level 7. HP: 5/59 MP: 2/15
  3730 | D:4      | Found Neom's Antique Weapon Shop.
  3736 | D:4      | Bought an iridescent falchion for 160 gold pieces
  3738 | D:4      | Identified the +5 falchion of Tenacity {elec, MR+} (You
                  | bought it in a shop on level 4 of the Dungeon)
  3825 | D:4      | Reached **** piety under Uskayaw
  3837 | D:4      | Found a glowing silver altar of Zin.
  4455 | D:5      | Entered Level 5 of the Dungeon
  4635 | D:6      | Noticed Eustachio
  4832 | D:6      | Found the +7 Singing Sword {slice, sonic wave}
  4917 | D:6      | Reached XP level 8. HP: 67/67 MP: 6/17
  4992 | D:6      | Killed Eustachio
  4992 | D:6      | Reached skill level 5 in Conjurations
  4992 | D:6      | Reached skill level 5 in Fire Magic
  5103 | D:6      | Reached ***** piety under Uskayaw
  5186 | D:6      | Noticed Grinder
  5187 | D:6      | Paralysed by Grinder for 3 turns
  5205 | D:6      | Killed Grinder
  5225 | D:6      | Noticed Menkaure
  5304 | D:6      | Noticed Prince Ribbit
  5315 | D:6      | Killed Prince Ribbit
  5315 | D:6      | Reached XP level 9. HP: 18/74 MP: 18/18
  5616 | D:6      | Killed Menkaure
  5721 | D:5      | Noticed Sigmund
  5818 | D:5      | Killed Sigmund
  6269 | D:5      | Learned a level 1 spell: Confusing Touch
  6273 | D:5      | Learned a level 3 spell: Inner Flame
  6365 | D:5      | Noticed Dowan
  6370 | D:5      | Noticed Duvessa
  6378 | D:5      | Killed Duvessa
  6380 | D:5      | Killed Dowan
  6636 | D:5      | Found an opulent altar of Gozag.
  6743 | D:5      | Found a snail-covered altar of Cheibriados.
  6920 | D:5      | Found an ornate altar of the Wu Jian Council.
  7366 | D:7      | Found Duhufenu's Gadget Shoppe.
  7383 | D:7      | Reached skill level 1 in Evocations
  7385 | D:7      | Noticed a two-headed ogre
  7395 | D:7      | Slain by a wight

Skill      XL: |  1  2  3  4  5  6  7  8  9 |
---------------+----------------------------+-----
Conjurations   | 1 2 3 4 6 8 |  8.2
Dodging        | 2 3 |  3.0
Fire Magic     | 3 4 6 8 |  8.2
Spellcasting   | 3 4 5 6 |  6.0
Evocations     | 1 |  1.0
Stealth        | |  1.4

Action                   |  1- 3 |  4- 6 |  7- 9 || total
-------------------------+-------+-------+-------++-------
Melee: Unarmed           |    28 |       |       ||    28
       Mace              |     8 |    22 |     3 ||    33
       Falchion          |       |       |   189 ||   189
       Double sword      |       |       |     7 ||     7
 Cast: Flame Tongue      |    69 |    95 |    74 ||   238
       Conjure Flame     |       |     2 |       ||     2
 Abil: Evoke Berserk Rag |       |     1 |     5 ||     6
Evoke: Wand              |       |       |     1 ||     1
  Use: Potion            |       |     5 |       ||     5
       Scroll            |       |       |    14 ||    14
 Stab: Paralysed         |       |     1 |     9 ||    10
       Sleeping          |       |       |     2 ||     2
  Eat: Chunk             |     2 |     6 |    18 ||    26
Armor: Robe              |    16 |    15 |    37 ||    68
Dodge: Dodged            |    35 |    57 |   177 ||   269
       Rpst.: Falchion   |       |       |    54 ||    54
       Double sword      |       |       |     4 ||     4
